 Dungeon Crawl Stone Soup version 0.32-a0-17-gb74e046682 (webtiles) character file.

Game seed: 4078602701701670924

35209 voltaire321 the Covert (level 13, -3/81 HPs)
             Began as an Octopode Earth Elementalist on Jan 16, 2024.
             Was a High Priest of Hepliaklqana.
             Engulfed by a cloud of freezing vapour (23 damage)
             ... in an ice cave.
             The game lasted 00:58:28 (15160 turns).

voltaire321 the Covert (OpEE)                      Turns: 15160, Time: 00:58:29

Health: -3/81      AC:  3    Str:  8    XL:     13   Next: 82%
Magic:  25/25      EV: 17    Int: 24    God:    Hepliaklqana [*****.]
Gold:   285        SH: 13    Dex: 19    Spells: 4/29 levels left

rFire   . . .        s - +5 dagger (elec)
rCold   . . .        T - +2 kite shield {reflect}
rNeg    + . .        L - +2 hat {Int+3}
rPois   +            A - amulet of magic regeneration
rElec   .            m - ring of Virtue {rPois Will+ rCorr}
rCorr   +            b - +6 ring of dexterity
SInv    +            C - ring of positive energy
Will    +....        I - ring of wizardry
Stlth   +++++        N - ring of see invisible
HPRegen 0.33/turn    (no ring)
MPRegen 0.59/turn    (no ring)
                     (no ring)

%: reflection, wizardry (x1)
@: no status effects
A: reduced essence, almost no armour, amphibious, 8 rings, camouflage 1,
gelatinous body 1, (nimble swimmer 1), tentacles
a: Renounce Religion, Recall Ancestor, Ancestor Identity, Transference, Idealise


You were in an ice cave.
You worshipped Hepliaklqana.
Hepliaklqana was extremely pleased with you.
You visited 3 branches of the dungeon, and saw 15 of its levels.
You also visited: Ice Cave.

You collected 735 gold pieces.
You spent 450 gold pieces at shops.

Inventory:

Hand Weapons
 a - a +4 dagger of venom
 c - a +0 rapier
 s - a +5 dagger of electrocution (weapon)
 y - the +4 war axe of Balance {venom, rElec rPois}
   (You found it on level 5 of the Dungeon)

   rElec:     It insulates you from electricity.
   rPois:     It protects you from poison
 E - a +4 short sword of draining
 O - a +2 demon trident of electrocution
Missiles
 i - 5 curare-tipped darts
 x - 4 datura-tipped darts
Armour
 w - a +0 buckler
 L - a +2 hat of intelligence (worn)
 T - a +2 kite shield of reflection (worn)
Jewellery
 b - a +6 ring of dexterity (right tentacle)
 m - the ring of Virtue (left tentacle) {rPois Will+ rCorr}
   (You found it on level 2 of the Dungeon)

   [ring of willpower]

   rPois:     It protects you from poison Will+: It increases your willpower.
   rCorr:     It protects you from acid and corrosion.
 A - an amulet of magic regeneration (around mantle)
 C - a ring of positive energy (on tentacle)
 G - an amulet of the acrobat
 I - a ring of wizardry (on tentacle)
 N - a ring of see invisible (on tentacle)
 P - a ring of ice
Wands
 t - a wand of polymorph (14)
 v - a wand of light (10)
 z - a wand of flame (17)
 F - a wand of iceblast (20)
 J - a wand of digging (9)
 K - a wand of paralysis (6)
 S - a wand of mindburst (8)
Scrolls
 d - 3 scrolls of enchant armour
 h - 3 scrolls of amnesia
 r - 3 scrolls of teleportation
 H - a scroll of poison
 R - a scroll of immolation
 U - a scroll of enchant weapon
Potions
 e - 2 potions of resistance {unknown}
 f - a potion of heal wounds {unknown}
 g - 2 potions of mutation
 j - 3 potions of haste
 k - a potion of brilliance {unknown}
 l - 2 potions of attraction {unknown}
 n - 2 potions of lignification {unknown}
 o - 2 potions of invisibility {unknown}
 p - a potion of cancellation {unknown}
 q - a potion of curing
 u - 5 potions of might
 B - a potion of enlightenment {unknown}
 D - a potion of berserk rage {unknown}
 M - 6 potions of ambrosia


   Skills:
 + Level 9.0 Fighting
 + Level 9.5 Dodging
 + Level 9.5 Stealth
 * Level 6.2 Shields
 + Level 8.6 Spellcasting
 + Level 9.2 Conjurations
 + Level 4.9 Fire Magic
 + Level 8.4 Earth Magic
 + Level 5.4 Alchemy
 + Level 6.4 Invocations


You had 4 spell levels left.
You knew the following spells:

 Your Spells              Type           Power      Damage    Failure   Level
a - Sandblast             Erth           100%       2d20      1%          1
b - Passwall              Erth           50%        N/A       1%          3
c - Stone Arrow           Conj/Erth      100%       3d13      1%          3
d - Lee's Rapid Deconstr  Erth           25%        3d14*     11%         5
e - Petrify               Alch/Erth      43%        N/A       6%          4
f - Olgreb's Toxic Radia  Alch           36%        N/A       12%         4
g - Fireball              Conj/Fire      22%        3d10      17%         5

Your spell library contained the following spells:

 Spells                   Type           Power      Damage    Failure   Level
 Kiss of Death            Conj/Necr      100%       2d13      1%          1
 Shock                    Conj/Air       100%       1d9       1%          1
 Sting                    Conj/Alch      100%       1d9       1%          1
 Brom's Barrelling Bould  Conj/Erth      51%        2d7       3%          4
 Mercury Vapours          Alch/Air       46%        N/A       6%          2
 Leda's Liquefaction      Alch/Erth      21%        N/A       6%          4
 Confusing Touch          Hex            10%        N/A       32%         3
 Ozocubu's Armour         Ice            10%        N/A       32%         3
 Cause Fear               Hex            5%         N/A       71%         4
 Dispel Undead            Necr           10%        3d9       71%         4
 Bombard                  Conj/Erth      25%        9d5       41%         6
 Freezing Cloud           Conj/Ice/Air   12%        6-21      63%         5
 Metabolic Englaciation   Hex/Ice        5%         N/A       95%         5
 Sculpt Simulacrum        Ice/Alch       11%        N/A       99%         6
 Maxwell's Capacitive Co  Air            5%         ∞         100%        8
 Dragon's Call            Summ           5%         N/A       100%        9


Dungeon Overview and Level Annotations

Branches:
Dungeon (10/15)            Temple (1/1) D:6            Lair (4/5) D:10
  Swamp (0/4) Lair:2        Snake (0/4) Lair:2          Orc (0/2) D:9
  IceCv (1/1)
  Slime: Lair:4-5

Altars:
Ashenzari
Cheibriados
Dithmenos
Elyvilon
Fedhas
Gozag
Hepliaklqana
Kikubaaqudgha
Makhleb
Nemelex Xobeh
Okawaru
Qazlal
Ru
Sif Muna
Trog
Uskayaw
Vehumet
Wu Jian
Xom
Yredelemnul
Zin
The Shining One

Shops:
D:10 =

Annotations:
Temple 2 transporters


Innate Abilities, Weirdness & Mutations

Your life essence is reduced to manifest your ancestor. (-10% HP)
You cannot wear most types of armour.
You are amphibious.
You can wear up to eight rings at the same time.
Your skin changes colour to match your surroundings (Stealth+).
Your rubbery body absorbs attacks. (AC +1, EV +1)
((You are camouflaged when in or above water. (Stealth+)))
You have tentacles for arms and can constrict up to eight enemies at once.


Message History

t - a wand of polymorph (14) (gained 4 charges)
e - 2 fizzy pink potions (gained 1)
You swap places.
z - a wand of flame (17) (gained 4 charges) 5 simulacra, a reaper and an ufetubus come into view.
The reaper is wielding a -4 scythe of freezing.
Found 15 gold pieces and a staff of cold.
You swap places.
Aiming: Sandblast (safe; 1% risk of failure)
Press: ? - help, Q - select action, (/) - cycle Shift-Dir - straight line, f - three-headed hydra simulacrum
Aim: a three-headed hydra simulacrum (100% to hit)
Tepiltzin avoids your attack.
The blast of sand hits the three-headed hydra simulacrum!!
The three-headed hydra simulacrum is heavily damaged.
You are engulfed in freezing vapours.
Tepiltzin is engulfed in freezing vapours.
Tepiltzin hits the three-headed hydra simulacrum with a +0 dagger of draining!
The three-headed hydra simulacrum bites Tepiltzin!
The three-headed hydra simulacrum freezes Tepiltzin!
Tepiltzin resists.
The three-headed hydra simulacrum bites Tepiltzin.
The three-headed hydra simulacrum freezes Tepiltzin!
Tepiltzin resists.
The three-headed hydra simulacrum bites Tepiltzin.
The three-headed hydra simulacrum freezes Tepiltzin!
Tepiltzin resists.
Tepiltzin is destroyed!
Aiming: Sandblast (safe; 1% risk of failure)
Press: ? - help, Q - select action, (/) - cycle Shift-Dir - straight line, f/p - three-headed hydra simulacrum
Aim: a three-headed hydra simulacrum (freezing vapour, almost destroyed, 100% to hit)
The blast of sand hits the three-headed hydra simulacrum!!
The three-headed hydra simulacrum vaporises!
You are engulfed in freezing vapours.
You are engulfed in freezing vapours.
* * * LOW HITPOINT WARNING * * *
Blink to where?
Press: ? - help, Dir - move target
As you read the scroll of blinking, it crumbles to dust.
You are engulfed in freezing vapours.
You die...

...##...### ##.##
##...##...#####.#.#
########.....###.##
##..⌠..#.##
##.....##
#...##.###
#...###...#
....####...###
...## #..#.@§## .##
######§§# #.# #§§#
#§##○## ###Z§##
#○°### ##...#
##Z..# .2Z5#


There were no monsters in sight!

Vanquished Creatures
  Josephine (Lair:3)
  3 boulder beetles
  4 hydras
  A catoblepas (Lair:3)
  Urug (Lair:3)
  A death yak (Lair:4)
  A cyclops (D:9)
  6 elephants
  2 black mambas (Lair:2)
  A torpor snail (Lair:4)
  A kobold demonologist (D:9)
  A freezing wraith (IceCv)
  5 cane toads
  2 komodo dragons
  A troll (D:10)
  A queen bee (Lair:3)
  A polar bear (Lair:3)
  A blink frog (Lair:4)
  A wraith (Lair:3)
  13 yaks
  2 wyverns
  A basilisk (Lair:3)
  A warg (Lair:3)
  A death yak simulacrum (IceCv)
  3 nagas (Lair:2)
  2 acid dragons (D:10)
  A hydra simulacrum (IceCv)
  8 water moccasins
  A sky beast (D:8)
  2 ice beasts
  An orc warrior (D:6)
  5 black bears
  An ogre (D:4)
  2 centaurs (D:9)
  11 wolves
  A kobold brigand (D:7)
  8 bullfrogs
  5 scorpions
  4 two-headed ogre simulacra (IceCv)
  A gnoll sergeant (D:8)
  20 killer bees
  6 howler monkeys
  3 electric eels (D:10)
  A jelly (D:6)
  2 hounds (D:5)
  2 orc priests
  2 sleepcaps
  3 iguanas
  A hexer (D:10)
  11 orc wizards
  A troll simulacrum (IceCv)
  6 spriggan simulacra (IceCv)
  2 wolf simulacra (IceCv)
  2 gnolls (D:8)
  10 adders
  4 naga simulacra (IceCv)
  3 shadow imps
  5 white imps
  7 ufetubi
  2 dart slugs
  A ribbon worm (D:2)
  28 orcs
  6 ball pythons
  13 endoplasms
  4 giant cockroaches
  9 goblins
  7 hobgoblins
  10 jackals
  6 quokkas
  12 bats
  3 frilled lizards
  16 kobolds
  2 rats
319 creatures vanquished.

Vanquished Creatures (collateral kills)
  Gastronok (Lair:1)
  A hydra (Lair:3)
  Fannar (Lair:3)
  A boulder beetle (Lair:1)
  6 elephants
  2 cane toads
  A komodo dragon (Lair:1)
  An anaconda simulacrum (IceCv)
  A troll (D:9)
  A polar bear (Lair:3)
  The ghost of 0gre the Chiller, an amateur DrIE (D:4)
  A blink frog (Lair:4)
  2 shadows (D:10)
  A wyvern (D:9)
  2 wraiths (Lair:3)
  16 yaks
  A death yak simulacrum (IceCv)
  3 water moccasins
  A sky beast (D:6)
  An orc warrior (D:7)
  A black bear (D:10)
  5 wolves
  2 ogres
  2 centaurs (D:9)
  A phantom (D:5)
  2 kobold brigands
  5 bullfrogs
  A two-headed ogre simulacrum (IceCv)
  10 killer bees
  A howler monkey (D:9)
  A vampire bat (Lair:4)
  A jelly (D:7)
  An orc priest (D:7)
  An iguana (D:6)
  4 orc wizards
  3 gnolls (D:8)
  An ufetubus (D:7)
  8 orcs
  6 kobolds
  3 bats (Lair:4)
104 creatures vanquished.

Vanquished Creatures (others)
  8 hexers
  An ancestor (D:5)
9 creatures vanquished.

Grand Total: 432 creatures vanquished

Notes
Turn   | Place    | Note
-------+----------+-------------------------------------------
     0 | D:1      | voltaire321 the Octopode Earth Elementalist began the quest
                  | for the Orb.
     0 | D:1      | Reached XP level 1. HP: 11/11 MP: 3/3
   157 | D:1      | Reached XP level 2. HP: 18/18 MP: 1/5
   754 | D:1      | Reached XP level 3. HP: 22/22 MP: 4/6
   997 | D:2      | Reached skill level 1 in Fighting
  1252 | D:2      | Reached XP level 4. HP: 28/28 MP: 4/7
  1256 | D:2      | Learned a level 3 spell: Passwall
  1260 | D:2      | Learned a level 3 spell: Stone Arrow
  1462 | D:2      | Identified the ring of Virtue {rPois Will+ rCorr}
  2080 | D:3      | Found a faded altar of an unknown god.
  2363 | D:3      | Found a sparkling altar of Nemelex Xobeh.
  2489 | D:3      | Reached XP level 5. HP: 33/33 MP: 5/8
  2533 | D:3      | Found an iron altar of Okawaru.
  2537 | D:3      | Found a hazy altar of Hepliaklqana.
  2537 | D:3      | Found a shimmering altar of Xom.
  2547 | D:3      | Became a worshipper of Hepliaklqana the Forgotten
  3163 | D:4      | Reached XP level 6. HP: 34/39 MP: 5/10
  3293 | D:4      | Found a transporter.
  3293 | D:4      | Noticed 0gre's ghost (amateur DrIE)
  3294 | D:4      | Found a transporter.
  3384 | D:4      | Reached * piety under Hepliaklqana
  3727 | D:5      | Entered Level 5 of the Dungeon
  3763 | D:5      | Reached skill level 1 in Shields
  3797 | D:5      | Noticed an ice beast
  3810 | D:5      | Killed an ice beast
  3811 | D:5      | Reached skill level 1 in Invocations
  3811 | D:5      | Reached XP level 7. HP: 40/40 MP: 7/11
  4479 | D:5      | Identified the +4 war axe of Balance {venom, rElec rPois}
  4689 | D:6      | Reached XP level 8. HP: 8/46 MP: 10/13
  4889 | D:6      | Reached ** piety under Hepliaklqana
  4890 | D:6      | Remembered your ancestor Tepiltzin as a hexer
  4901 | D:6      | Got Wotsiq's Grimoire of Voltage
  5066 | D:6      | Found a stormy altar of Qazlal.
  5069 | D:6      | Reached skill level 5 in Stealth
  5085 | D:6      | Reached skill level 5 in Earth Magic
  5127 | D:6      | Identified the beast talisman of the Pink Corner {Dex+3}
  5281 | D:6      | Found a staircase to the Ecumenical Temple.
  5288 | Temple   | Found a transporter.
  5288 | Temple   | Found a transporter.
  5288 | Temple   | Found a transporter.
  5288 | Temple   | Found a transporter.
  5288 | Temple   | Entered the Ecumenical Temple
  5484 | D:4      | Reached XP level 9. HP: 52/52 MP: 9/15
  5485 | D:4      | Reached skill level 5 in Dodging
  5490 | D:4      | Killed 0gre's ghost
  6310 | D:7      | Reached skill level 5 in Conjurations
  6374 | D:7      | Reached skill level 5 in Spellcasting
  7267 | D:8      | Reached skill level 5 in Fighting
  7719 | D:8      | Reached XP level 10. HP: 57/59 MP: 16/18
  7973 | D:9      | Noticed a kobold demonologist
  7981 | D:9      | Killed a kobold demonologist
  8033 | D:9      | Found a staircase to the Orcish Mines.
  8044 | D:9      | Reached *** piety under Hepliaklqana
  8103 | D:9      | Noticed a cyclops
  8108 | D:9      | Killed a cyclops
  9024 | D:10     | Entered Level 10 of the Dungeon
  9348 | D:10     | Reached XP level 11. HP: 58/65 MP: 20/20
  9358 | D:10     | Found a transporter.
  9359 | D:10     | Found Buduc's Jewellery Emporium.
  9455 | D:10     | Found a transporter.
  9462 | D:10     | Bought a ring of wizardry for 450 gold pieces
  9472 | D:10     | Learned a level 5 spell: Lee's Rapid Deconstruction
  9477 | D:10     | Learned a level 4 spell: Petrify
  9482 | D:10     | Learned a level 4 spell: Olgreb's Toxic Radiance
  9571 | D:10     | HP: 2/66 [electric eel/bolt of electricity (5)]
  9576 | D:10     | Reached skill level 1 in Alchemy
  9827 | D:10     | Found a staircase to the Lair.
 10012 | D:10     | Reached **** piety under Hepliaklqana
 10239 | Lair:1   | Entered Level 1 of the Lair of Beasts
 10515 | Lair:1   | Noticed a boulder beetle
 10701 | Lair:1   | Noticed a boulder beetle
 10719 | Lair:1   | Killed a boulder beetle
 10878 | Lair:1   | Noticed Gastronok
 11119 | Lair:1   | Killed Gastronok
 11120 | Lair:1   | Reached skill level 5 in Invocations
 11120 | Lair:1   | Reached XP level 12. HP: 72/72 MP: 7/22
 11130 | Lair:1   | Killed a boulder beetle
 11275 | Lair:2   | Found a staircase to the Swamp.
 11298 | Lair:2   | Reached skill level 5 in Shields
 11375 | Lair:2   | Learned a level 5 spell: Fireball
 11379 | Lair:2   | Noticed a four-headed hydra
 11387 | Lair:2   | Killed a four-headed hydra
 11394 | Lair:2   | Noticed a four-headed hydra
 11401 | Lair:2   | Killed a four-headed hydra
 11402 | Lair:2   | Reached skill level 1 in Fire Magic
 12032 | Lair:2   | Found a staircase to the Snake Pit.
 12668 | Lair:3   | Reached ***** piety under Hepliaklqana
 12668 | Lair:3   | Identified the +0 ring mail of the Rose {Rampage}
 12677 | Lair:3   | Noticed a catoblepas
 12686 | Lair:3   | Killed a catoblepas
 12936 | Lair:3   | Noticed a boulder beetle
 12937 | Lair:3   | Noticed Josephine
 12940 | Lair:3   | Reached XP level 13. HP: 79/79 MP: 25/25
 12944 | Lair:3   | Killed Josephine
 12954 | Lair:3   | Noticed Urug
 13225 | Lair:3   | Noticed Fannar
 13228 | Lair:3   | Killed Urug
 13253 | Lair:3   | Killed Fannar
 13260 | Lair:3   | Reached skill level 5 in Alchemy
 14570 | Lair:4   | Found a frozen archway.
 14681 | IceCv    | Entered an ice cave
 14682 | IceCv    | Identified a scroll of acquirement
 14682 | IceCv    | Acquired a +2 kite shield of reflection
 15154 | IceCv    | Noticed a reaper
 15160 | IceCv    | Engulfed by a cloud of freezing vapour

Illustrated notes

Levels and vault maps discovered:
D:1:      amcnicky_arrival_flooded_fountain, layout_rooms
D:2:      layout_loops_corners
D:3:      layout_basic, overflow_temple_1_default, grunt_temple_overflow_open,
          shapermc_ecumenical_altar_venn
D:4:      layout_loops_ring, gammafunk_ghost_smash, wad_woods_river_04
D:5:      minmay_evil_eye, layout_loops_cross, chequers_jeans
D:6:      layout_rooms, mainiacjoe_overflow_tiny_flanked,
          minmay_temple_entry_gardened_gates
D:7:      layout_loops_corners
D:8:      layout_basic, grunt_ministairs_9, reono_crystal_passage
D:9:      layout_roguey, orc_0_dummy
D:10:     layout_basic, due_lair_maze_entry_diamond, serial_shops,
          nicolae_shop_drivethru
Temple:   hellmonk_temple_divided_pantheon
Lair:1:   layout_regular_city, uniq_gastronok
Lair:2:   layout_roguey, swamp_mist, guppyfry_snake_entry_garden
Lair:3:   beast_lair_carwin_large_2, layout_loops_ring, special_room
          [special_room_bee], serial_bayou_shore_a, uniq_josephine, uniq_fannar,
          uniq_urug
Lair:4:   layout_cave_pods, portal_ice_cave_entry_pillars_2, roderic_batcave,
          grunt_megastairs_4
IceCv:    ice_cave_caverns_01

Skill      XL: |  1  2  3  4  5  6  7  8  9 10 11 12 13 |
---------------+----------------------------------------+-----
Stealth        | 3 4 5 6 8 9 |  9.5
Fighting       | 1 2 3 4 5 6 7 8 9 |  9.0
Conjurations   | 2 3 4 5 6 7 8 9 |  9.2
Dodging        | 3 4 5 6 7 8 9 |  9.5
Shields        | 1 2 3 4 5 6 |  6.2
Spellcasting   | 3 4 5 6 7 8 |  8.6
Earth Magic    | 4 5 6 7 8 |  8.4
Invocations    | 1 2 3 4 5 6 |  6.4
Alchemy        | 3 4 5 |  5.4
Fire Magic     | 3 4 |  4.9

Action                     |  1- 3 |  4- 6 |  7- 9 | 10-12 | 13-15 || total
---------------------------+-------+-------+-------+-------+-------++-------
  Melee: Hand axe          |     9 |       |       |       |       ||     9
         Constrict         |     3 |     3 |    24 |    20 |     6 ||    56
         Tentacles         |     2 |     3 |    27 |    25 |    13 ||    70
         Rapier            |     6 |     3 |       |       |       ||     9
         Dagger            |       |    18 |    97 |   103 |    43 ||   261
         Punch             |       |     1 |     1 |     3 |       ||     5
  Throw: Dart              |       |       |     3 |     1 |     1 ||     5
   Cast: Sandblast         |    42 |    82 |    90 |   193 |   120 ||   527
         Stone Arrow       |       |       |     5 |    76 |    31 ||   112
         Fireball          |       |       |       |     3 |     2 ||     5
         Olgreb's Toxic Ra |       |       |       |     1 |       ||     1
 Invoke: Recall Ancestor   |       |       |     5 |     2 |     3 ||    10
         Ancestor Life: He |       |       |     1 |       |       ||     1
         Ancestor Identity |       |       |     1 |       |       ||     1
  Evoke: Wand              |       |       |       |       |     1 ||     1
    Use: Potion            |       |     1 |       |     2 |     1 ||     4
         Scroll            |       |     1 |    13 |     9 |     3 ||    26
   Stab: Sleeping          |     1 |     2 |     4 |     4 |     3 ||    14
         Confused          |       |       |     2 |     2 |     3 ||     7
         Distracted        |       |       |       |     3 |       ||     3
 Armour: Skin              |    20 |    16 |    53 |    80 |    41 ||   210
  Dodge: Dodged            |    13 |    38 |    47 |   121 |    56 ||   275
  Block: Buckler           |       |       |    17 |    28 |    27 ||    72
         Kite shield       |       |       |       |       |     5 ||     5

Table legend: (Time is in decaauts)
 A = Elapsed time spent in this place.
 B = Non-inter-level travel time spent in this place.
 C = Inter-level travel time spent in this place.
 D = Time resting spent in this place.
 E = Time spent auto-exploring this place.
 F = Levels seen in this place.
 G = Mean time per level.
                   A        B        C        D        E       F      G
               +--------+--------+--------+--------+--------+-----+--------+
         Total |  15466 |  15029 |    437 |   4536 |   6386 |  16 |  966.6 |
       Dungeon |  10393 |  10046 |    347 |   2711 |   5027 |  10 | 1039.3 |
        Temple |      1 |      1 |      0 |      0 |      0 |   1 |    1.0 |
          Lair |   4569 |   4479 |     90 |   1639 |   1334 |   4 | 1142.2 |
      Ice Cave |    501 |    501 |      0 |    186 |     25 |   1 |  501.0 |
               +--------+--------+--------+--------+--------+-----+--------+

Top non-repeatable levels by time:
  Lair:3: 1790 daAuts
  Lair:1: 1531 daAuts
     D:8: 1317 daAuts
    D:10: 1238 daAuts
     D:2: 1165 daAuts
     D:7: 1135 daAuts
     D:4: 1122 daAuts
  Lair:2: 977 daAuts
     D:5: 957 daAuts
     D:9: 918 daAuts
     D:1: 903 daAuts
     D:3: 834 daAuts
     D:6: 799 daAuts
   IceCv: 501 daAuts
  Lair:4: 270 daAuts
